AoeStats
← King Snake

Arena

505860904Analyzed
2v2 RM · 20d ago on Sep 11, 2026· 76m 27s· 4 players
Game mode
Random Map
Map size
Medium (4 player)
Population
200
Speed
Normal
Resources
Standard
Victory
Conquest
Starting age
Dark Age
Ending age
Imperial Age
RankedLock teamsTeams togetherTeam positionsShared explorationLock speedFull tech treeHidden civsTurbo modeCheats
Victory
Defeat
🇨🇳 Franks · China
816
+15
🇭🇰 Huns · Hong Kong SAR China
814
+15
🇬🇧 Vikings · United Kingdom
813
-16
🇮🇳 Turks · India
773
-14
手抓羊排
10:35 Feudal Age
14:13 Castle Age
12:23 Double-Bit Axe
14:41 Loom
16:54 Bow Saw
18:14 Bow Saw
24:26 Wheelbarrow
25:06 Gold Mining
25:09 Stone Mining
27:27 Gold Shaft Mining
30:08 Imperial Age
27:50 Forging
27:46 Scale Barding Armor
27:44 Husbandry
30:42 Hand Cart
30:13 Town Watch
30:29 Cavalier
31:47 Iron Casting
31:32 Chain Barding Armor
31:40 Conscription
30:50 Light Cavalry
32:01 Chivalry
32:13 Town Patrol
33:06 Paladin
35:35 Plate Barding Armor
37:21 Blast Furnace
40:58 Fletching
46:26 Siege Engineers
46:32 Masonry
46:19 Murder Holes
65:55 Capped Ram
69:11 Bodkin Arrow
75:16 Pikeman
75:59 Squires
1997w.q.
11:18 Feudal Age
12:38 Loom
21:39 Castle Age
20:40 Horse Collar
20:48 Double-Bit Axe
21:37 Bloodlines
21:42 Gold Mining
23:25 Husbandry
23:33 Heavy Plow
24:09 Bow Saw
31:08 Gold Shaft Mining
31:31 Masonry
31:17 Murder Holes
31:48 Thumb Ring
31:50 Husbandry
34:05 Padded Archer Armor
33:55 Fletching
36:48 Leather Archer Armor
36:29 Bodkin Arrow
46:31 Ballistics
56:37 Imperial Age
56:09 Bodkin Arrow
Master
10:18 Feudal Age
15:42 Castle Age
14:02 Double-Bit Axe
15:31 Horse Collar
16:06 Gold Mining
16:57 Bow Saw
25:06 Imperial Age
23:32 Padded Archer Armor
24:17 Heavy Plow
24:57 Gold Shaft Mining
25:25 Leather Archer Armor
26:39 Ring Archer Armor
27:07 Wheelbarrow
30:46 Hand Cart
31:37 Scale Barding Armor
31:44 Forging
33:04 Bloodlines
32:54 Husbandry
33:44 Chain Barding Armor
33:59 Iron Casting
34:49 Heavy Camel Rider
37:03 Two-Man Saw
38:13 Plate Barding Armor
38:50 Loom
41:58 Blast Furnace
40:44 Capped Ram
42:35 Siege Ram
45:30 Fletching
51:38 Artillery
52:01 Conscription
53:14 Town Watch
54:16 Bodkin Arrow
60:16 Guilds
60:37 Coinage
62:57 Banking
65:02 Parthian Tactics
64:43 Thumb Ring
63:59 Heavy Cavalry Archer
65:01 Sipahi
65:07 Ballistics
65:48 Bracer
66:57 Bombard Tower
68:55 Town Patrol
King Snake
9:13 Loom
11:15 Feudal Age
13:56 Double-Bit Axe
14:20 Gold Mining
14:46 Horse Collar
18:48 Castle Age
17:01 Stone Mining
18:01 Loom
20:27 Scale Mail Armor
20:38 Forging
20:48 Fletching
21:37 Gold Shaft Mining
21:11 Town Watch
24:54 Heavy Plow
26:22 Chain Mail Armor
26:43 Iron Casting
27:19 Bow Saw
28:46 Town Patrol
29:47 Squires
32:27 Imperial Age
32:45 Bodkin Arrow
32:56 Murder Holes
33:18 Caravan
33:45 Conscription
34:43 Crop Rotation
36:20 Ballistics
36:15 Masonry
36:39 Town Patrol
37:13 Plate Mail Armor
37:43 Blast Furnace
36:21 Elite Berserk
38:15 Two-Man Saw
38:28 Hoardings
38:29 Chieftains
38:44 Bracer
38:47 Arson
45:46 Capped Ram
52:08 Pikeman
66:17 Padded Archer Armor
Connection lost

Rejoining the realm…

Still unreachable

The connection could not be restored.

Session expired

The server has moved on; the page needs a fresh start.